 Dungeon Crawl Stone Soup version 0.17-a0-1078-g243345b (webtiles) character file.

14 Ruokin the Grasshopper (level 2, -1/22 HPs)
             Began as a Human Warper on May 18, 2015.
             Slain by a giant gecko (4 damage)
             ... on level 1 of the Dungeon.
             The game lasted 00:03:50 (613 turns).

Ruokin the Grasshopper (Human Warper)                Turns: 613, Time: 00:03:50

Health: -1/22      AC:  5    Str: 11    XL:     2   Next: 60%
Magic:  3/5        EV: 10    Int: 13    God:
Gold:   29         SH:  0    Dex: 12    Spells: 2 memorised, 2 levels left

rFire  . . .     SeeInvis .     a - +0 short sword
rCold  . . .     Clarity  .     g - +0 ring mail (curse)
rNeg   . . .     SustAb   .     (no shield)
rPois  .         Gourm    .     (no helmet)
rElec  .         Spirit   .     (no cloak)
rCorr  .         Warding  .     (no gloves)
rMut   .         Stasis   .     (no boots)
MR     .....                    (no amulet)
Stlth  +.........               (no ring)
                                (no ring)

@: not resistant to hostile enchantments, very unstealthy
A: no striking features
a: no special abilities


You were on level 1 of the Dungeon.
You were not hungry.

You visited 1 branch of the dungeon, and saw 1 of its levels.

You collected 29 gold pieces.

Inventory:

Hand weapons
 a - a +0 short sword (weapon)
Missiles
 e - 5 tomahawks of dispersal (quivered)
Armour
 b - a +0 leather armour
 g - a cursed +0 ring mail (worn)
Scrolls
 d - a scroll of blinking
Books
 c - a book of Spatial Translocations

   Spells                             Type                      Level
   a - Apportation                    Translocation                1
   b - Blink                          Translocation                2
   c - Shroud of Golubria             Charms/Translocation         2
   d - Portal Projectile              Translocation                3
   e - Teleport Other                 Translocation                3
   f - Passage of Golubria            Translocation                4
Comestibles
 f - a bread ration


   Skills:
 + Level 2.0 Fighting
 + Level 2.2 Short Blades
 - Level 1.0 Throwing
 + Level 1.3 Armour
 + Level 2.0 Dodging
 + Level 0.7 Stealth
 + Level 2.0 Spellcasting
 + Level 3.2 Translocations


You had 2 spell levels left.
You knew the following spells:

 Your Spells              Type           Power        Failure   Level  Hunger
a - Apportation           Tloc           #.........   17%         1    ##.....
b - Blink                 Tloc           N/A          28%         2    ###....


Dungeon Overview and Level Annotations

Branches:
Dungeon (1/15)

Altars:


Message History

The giant gecko hisses menacingly.
A jackal comes into view.
A giant newt comes into view.
The jackal barks!
You hear a bark!
The gnoll hits you from afar with a halberd.
The gnoll hits you from afar with a halberd!
Ouch! That really hurt!
* * * LOW HITPOINT WARNING * * *
A jackal comes into view.
Sorry, you're not good enough to have a special ability.
Cast which spell? (? or * to list)
You blink.
The giant gecko bites you but does no damage.
The jackal misses you.
The jackal bites you but does no damage.
Found a stone staircase leading down.
Sorry, you're not good enough to have a special ability.
You barely miss the jackal. The jackal closely misses you.
The giant gecko bites you.
You die...

###.### ##.###.#. #...
#...#### #.# ..#. # #. .
#.>.'..# #.# .##.
..#..>##...##.###)##.###
... .######.##...#.#
#.....#.###........#
##.#.#.###..........###
##.......#.####..†..##..
......h@..# ##........
##...#hll## ##.###... ##
##g## ### #... #.# ####
#.####### ####
#.......#######...
#######.#.......##
#######.#.#####.#
................#


You could see a gnoll, a giant gecko, 2 jackals and a giant newt.

Vanquished Creatures
  A giant gecko (D:1)
  2 bats (D:1)
  2 giant cockroaches (D:1)
  2 hobgoblins (D:1)
  A giant newt (D:1)
  2 goblins (D:1)
  3 rats (D:1)
13 creatures vanquished.

Notes
Turn   | Place    | Note
--------------------------------------------------------------
     0 | D:1      | Ruokin the Human Warper began the quest for the Orb.
     0 | D:1      | Reached XP level 1. HP: 16/16 MP: 3/3
     0 | D:1      | Noticed a merfolk skeleton
     1 | D:1      | Noticed a vampire
     9 | D:1      | Noticed a merfolk zombie
    13 | D:1      | Noticed a draconian skeleton
    15 | D:1      | Noticed an octopode zombie
    17 | D:1      | Noticed a draconian skeleton
    18 | D:1      | Noticed a human zombie
    20 | D:1      | Noticed an elf skeleton
    20 | D:1      | Noticed a felid
    22 | D:1      | Noticed an elf skeleton
    22 | D:1      | Noticed a vampire
    23 | D:1      | Noticed a dwarf
    24 | D:1      | Noticed a spriggan zombie
    26 | D:1      | Noticed a ghoul
    26 | D:1      | Noticed a vine stalker zombie
    28 | D:1      | Noticed an octopode
    28 | D:1      | Noticed a minotaur skeleton
   430 | D:1      | Reached XP level 2. HP: 20/22 MP: 5/5
   437 | D:1      | Learned a level 2 spell: Blink
   613 | D:1      | Slain by a giant gecko

Vault maps used:
D:1:      shiori_arrival_whats_in_store_for_you

Action                   || total
-------------------------++-------
Melee: Short sword       ||    72
 Cast: Blink             ||     1
